 Dungeon Crawl Stone Soup version 0.31-a0-965-g8a8ce12e04 (console) character file.

Game seed: 13039395283008880173

616327 jejorda2 the Impregnable (level 27, -9/233 HPs)
             Began as a Gnoll Berserker on Oct 25, 2023.
             Was a High Priest of Trog.
             Mangled by an Orb Guardian (11 damage)
             ... on level 5 of the Realm of Zot on Oct 26, 2023.
             The game lasted 05:30:47 (75636 turns).

jejorda2 the Impregnable (Gnoll Berserker)         Turns: 75636, Time: 05:30:48

Health: -9/233     AC: 49    Str: 30    XL:     27
Magic:  2/41       EV:  7    Int: 14    God:    Trog [*****.]
Gold:   2235       SH:  0    Dex: 13    Spells: 63/63 levels left

rFire   + + .        b - +9 broad axe (freeze)
rCold   + + +        G - +8 tower shield {AC+3}
rNeg    + . .        D - +5 gold dragon scales
rPois   +            y - -2 hat of the Alchemist {rElec rPois rF+ rC+ rN+ Will+ rMut rCorr}
rElec   +            s - +4 dragonskin cloak
rCorr   +            F - +0 pair of gloves of Ciliseh {+Inv Fly Int+3 Stlth-}
SInv    .            O - +3 pair of mountain boots {steadfast, rC+}
Will    ++++.        k - amulet of the acrobat Stlth
                     V - ring "Junonupy" {rF+ Will+ Str+3}
HPRegen 0.58/turn    h - ring "Xooma" {rElec AC+4 Slay+3}
MPRegen 0.27/turn

%: acrobat, resist mutation
@: silenced (expiring), fire vulnerable, on berserk cooldown, flying, held,
hasted and slowed, studying 5 skills
A: fangs 1, strong nose, distributed training, clever 1, low MP 1, poison
resistance, no potion heal 1
}: 4/15 runes: serpentine, barnacled, slimy, silver
a: Renounce Religion, Evoke Invisibility


You were on level 5 of the Realm of Zot.
You worshipped Trog.
Trog was extremely pleased with you.
You visited 10 branches of the dungeon, and saw 52 of its levels.
You visited 2 bazaars.
You also visited: Sewer, Gauntlet, Ice Cave and Wizlab.

You collected 7974 gold pieces.
You spent 5739 gold pieces at shops.

Inventory:

Hand Weapons
 a - the +8 trident of Nunepero {spect, +Blink rN+ Int-4 SInv}
   (You found it on level 5 of the Lair of Beasts)

   Int-4:     It affects your intelligence (-4).
   rN+:       It protects you from negative energy.
   SInv:      It lets you see invisible.
   +Blink:    It lets you blink.
 b - a +9 broad axe of freezing (weapon)
 c - a +9 antimagic demon trident
Missiles
 r - 25 boomerangs
 v - 14 curare-tipped darts
 E - 7 datura-tipped darts
 M - 28 javelins (quivered)
 N - 4 throwing nets
 U - 8 silver javelins
Armour
 s - the +4 dragonskin cloak (worn)
   (You took it off Tiamat on level 1 of the Realm of Zot)

   Avatar's Aegis: It grants the wearer a chance to resist fire, cold, poison,
   electricity, acid, and negative energy.
 y - the -2 hat of the Alchemist (worn) {rElec rPois rF+ rC+ rN+ Will+ rMut rCorr}
   (You found it on level 3 of the Elven Halls)

   rF+:       It protects you from fire.
   rC+:       It protects you from cold.
   rElec:     It insulates you from electricity.
   rPois:     It protects you from poison rN+: It protects you from negative
   energy.
   Will+:     It increases your willpower.
   rCorr:     It protects you from acid and corrosion.
   rMut:      It protects you from mutation.
 D - +5 gold dragon scales (worn)
 F - the +0 pair of gloves of Ciliseh (worn) {+Inv Fly Int+3 Stlth-}
   (You found it in a Gauntlet)

   Int+3:     It affects your intelligence (+3).
   +Inv:      It lets you turn invisible.
   Fly:       It grants you flight.
   Stlth-:    It makes you less stealthy.
 G - a +8 tower shield of protection (worn)
 O - the +3 pair of mountain boots (worn) {steadfast, rC+}
   (You found it on level 5 of the Vaults)

   Steadfast: It prevents involuntary movement, except for blinking,
   teleportation, or banishment.
   rC+:       It protects you from cold.
 W - the +9 plate armour "Ahielur" {rPois Regen+ Str-2 Stlth-}
   (You bought it in a shop on level 2 of the Orcish Mines)

   Str-2:     It affects your strength (-2).
   rPois:     It protects you from poison Regen+: It increases your rate of
   health regeneration.
   Stlth-:    It makes you less stealthy.
Jewellery
 h - the ring "Xooma" (right hand) {rElec AC+4 Slay+3}
   (You found it on level 5 of the Vaults)

   [ring of protection]

   AC+4:      It affects your AC (+4).
   Slay+3:    It affects your accuracy & damage with ranged weapons and melee
   (+3).
   rElec:     It insulates you from electricity.
 k - an amulet of the acrobat (around neck)
 V - the ring "Junonupy" (left hand) {rF+ Will+ Str+3}
   (You found it on level 5 of the Pits of Slime)

   [ring of protection from fire]

   Str+3:     It affects your strength (+3).
   rF+:       It protects you from fire.
   Will+:     It increases your willpower.
Wands
 x - a wand of digging (15)
 z - a wand of acid (30)
 A - a wand of flame (110)
 B - a wand of iceblast (62)
 P - a wand of mindburst (66)
 S - a wand of polymorph (30)
 X - a wand of charming (30)
Scrolls
 d - 13 scrolls of fear
 e - 3 scrolls of immolation
 f - 22 scrolls of teleportation
 g - 7 scrolls of blinking
 i - a scroll of revelation
 u - 2 scrolls of fog
 w - a scroll of summoning
 C - 5 scrolls of silence
 Q - 4 scrolls of poison
Potions
 l - 21 potions of curing
 m - a potion of ambrosia
 n - 12 potions of attraction
 o - 3 potions of resistance
 p - 11 potions of mutation
 q - 15 potions of heal wounds
 t - 10 potions of might
 H - 8 potions of haste
 I - 5 potions of invisibility
 L - 8 potions of cancellation
Miscellaneous
 j - a lightning rod (1/4)
 J - a phial of floods (inert)
 T - a condenser vane


   Skills:
 + Level 22.6 Fighting
 + Level 18.8 Short Blades
 + Level 18.8 Long Blades
 + Level 21.4 Axes
 + Level 18.8 Maces & Flails
 + Level 21.3 Polearms
 + Level 18.8 Staves
 + Level 18.8 Ranged Weapons
 + Level 20.6 Throwing
 + Level 25.6 Armour
 + Level 19.3 Dodging
 + Level 18.8 Stealth
 + Level 18.8 Shields
 + Level 18.8 Unarmed Combat
 + Level 18.8 Spellcasting
 + Level 16.0 Conjurations
 + Level 16.0 Hexes
 + Level 16.0 Summonings
 + Level 16.0 Necromancy
 + Level 16.0 Translocations
 + Level 16.0 Transmutations
 + Level 16.0 Fire Magic
 + Level 16.0 Ice Magic
 + Level 16.0 Air Magic
 + Level 16.0 Earth Magic
 + Level 16.0 Poison Magic
 + Level 20.3 Invocations
 + Level 18.8 Evocations
 + Level 17.4 Shapeshifting


You had 63 spell levels left.
You didn't know any spells.
Your spell library was empty.

Dungeon Overview and Level Annotations

Branches:
Dungeon (15/15)            Temple (0/1) D:6            Lair (5/5) D:10
 Shoals (4/4) Lair:2        Snake (4/4) Lair:2        Slime (5/5) Lair:5
    Orc (2/2) D:12            Elf (3/3) Orc:2        Vaults (5/5) D:14
  Crypt (0/3) Vaults:2     Depths (4/4) D:15            Zot (5/5) Depths:4
  Sewer (visited)           IceCv (visited)          WizLab (visited)
Gauntlet (visited)

Altars:
Ashenzari
Cheibriados
Dithmenos
Elyvilon
Gozag
Nemelex Xobeh
Qazlal
Ru
Trog
Vehumet
Xom
Yredelemnul
Zin
The Shining One
Jiyva

Shops:
D:5 !   D:7 ?   D:14 *   Orc:2 :((**?[:*   Elf:3 **   Shoals:1 [*(!
Snake:2 (?(   Snake:3 *   Vaults:2 =

Portals:
Hell: Depths:1 Depths:2 Depths:3 Depths:4
Abyss: Depths:3
Pandemonium: Depths:2 Depths:3
Ziggurat: Depths:4


Innate Abilities, Weirdness & Mutations

You have very sharp teeth.
Your uncanny sense of smell can sniff out nearby items.
Your experience applies equally to all skills.
Your mind is acute. (Int +4, Str/Dex -1)
Your magical capacity is low. (-10% MP)
Your system is resistant to poisons. (rPois)
Potions are less effective at restoring your health.


Message History

The bolt of lightning hits the dread lich!
The dread lich resists.
The bolt of lightning hits you! You resist.
The Orb Guardian hits you but does no damage.
The Orb Guardian closely misses you.
Unknown command.
Unknown command.
Unknown command.
You feel yourself speed up.
The red draconian scorcher's magic is no longer disrupted.
The Orb Guardian hits you.
The dread lich touches you but does no damage.
The Orb Guardian hits you but does no damage. x2
The dread lich gestures at you while chanting.
You resist with almost no effort. The Orb Guardian hits you!
* * * LOW HITPOINT WARNING * * *
The Orb Guardian hits you but does no damage.
Unknown command.
Unknown command.
Unknown command.
Your +9 broad axe of freezing glows with a cold blue light!
b - a +9 broad axe of freezing (weapon)
Something touches you but does no damage.
Deactivating autopickup; reactivate with Ctrl-A.
The Orb Guardian hits you!
* * * LOW HITPOINT WARNING * * *
The Orb Guardian hits you!!
* * * LOW HITPOINT WARNING * * *
The Orb Guardian hits you but does no damage.
Okay, then.
Unknown command.
Unknown command.
Aim the phial where?
Press: ? - help, Shift-Dir - straight line The torrent of water hits something!
The wave splashes down.
The Orb Guardian is engulfed in water. x3; The Orb Guardian hits you.
* * * LOW HITPOINT WARNING * * *
The balrug barely misses you. The Orb Guardian hits you!!
* * * LOW HITPOINT WARNING * * *
The Orb Guardian hits you!
You die...

**************#############
**,,............## #......
**,,,.............## ##.....
**,,,,..............#* #.....
*,,,,,...^...........* ##....
*^,,,^....p..^.....^.* #....
*,,,,,......^........* ##....
*,,,,,.^....~.2......* #..)..
*,,,,,......X@X~.....* ##.....
*,,,,,......X~{~.....*##......
**,,,,......~~~~dq.^###...####
**,,,......~^..~..##....##
**,,..............^.d###
**,...^##############
**^,.../,,,,,,,,,****
**,,^...,,,,,,,,,,,,,***
**,,,,,,,,,,,,,,,,,^,,,,**


You could see a Killer Klown, a black draconian, 3 Orb Guardians, a red
draconian scorcher and a balrug (summoned).

Vanquished Creatures
  the Royal Jelly (Slime:5)
  Tiamat (Zot:1)
  3 dread liches
  6 ancient liches
  2 orbs of fire (Zot:5)
  3 juggernauts
  Vv (Zot:2)
  2 Killer Klowns (Zot:5)
  Bai Suzhen (Snake:4)
  A curse toe (Zot:5)
  5 golden dragons
  Xtahua (Vaults:2)
  Nikola (Vaults:3)
  Jory (Vaults:4)
  A bone dragon (Depths:4)
  2 electric golems
  11 Orb Guardians (Zot:5)
  19 tentacled monstrosities
  Zenata (Vaults:4)
  7 quicksilver dragons
  3 titans
  4 sphinxes
  The ghost of olddryhag the Stickfighter, an adept DsGl of Gozag (Vaults:1)
  2 deep elf master archers (Elf:3)
  A deep elf blademaster (Elf:3)
  2 krakens
  17 acid blobs
  Gastronok (Lair:3)
  Polyphemus (Shoals:2)
  5 death cobs
  9 tengu reavers
  9 storm dragons
  Kirke (Lair:5)
  Donald (Snake:4)
  Aizul (Snake:4)
  Ilsuiw (Shoals:3)
  12 draconian monks
  16 shadow dragons
  3 nagarajas
  9 frost giants
  9 draconian knights
  9 rockslimes
  An iron dragon (Vaults:5)
  5 azure jellies
  8 deep elf sorcerers
  18 vault wardens
  7 fire giants
  An angel (Shoals:4)
  12 draconian scorchers
  19 ironbound preservers
  2 ghost moths
  6 deep elf elementalists (Elf:3)
  10 draconian shifters
  5 draconian stormcallers
  An orc warlord (Vaults:3)
  2 cacodemons (Vaults:1)
  A war gargoyle (Vaults:5)
  15 draconian annihilators
  17 stone giants
  22 very ugly things
  4 formless jellyfish
  A broodmother (shapeshifter) (Depths:2)
  4 quicksilver oozes
  An apis (Shoals:4)
  16 black draconians
  9 ironbound thunderhulks
  The ghost of Zekheivah the Black Belt, a journeyman MeSh of Nemelex Xobeh (Lair:3)
  6 deep elf demonologists
  A vampire knight (WizLab)
  15 green draconians
  6 yellow draconians
  9 dire elephants
  7 deep elf annihilators
  A spark wasp (shapeshifter) (D:14)
  5 spark wasps
  5 white draconians
  13 purple draconians
  A minotaur (Gauntlet)
  Snorg (Orc:2)
  A green death (Depths:2)
  13 red draconians
  7 deep elf death magi
  7 merfolk javelineers
  8 ettins
  An entropy weaver (Vaults:3)
  4 fire dragons
  12 merfolk impalers
  20 yaktaur captains
  8 great orbs of eyes
  24 vault guards
  7 deep elf high priests
  2 peacekeepers
  2 ice dragons
  5 rakshasas
  Harold (D:10)
  4 catoblepae
  An alligator (Shoals:3)
  4 merfolk avatars
  12 anacondas
  Erolcha (D:9)
  5 salamander tyrants
  5 spriggan air magi
  4 ogre magi
  10 hydras
  8 boulder beetles
  2 alligator snapping turtles (Shoals:3)
  6 ironbound frosthearts
  2 death knights
  28 dancing weapons
  14 two-headed ogres
  15 centaur warriors
  An anaconda (shapeshifter) (Vaults:1)
  5 merfolk aquamancers
  2 satyrs
  15 naga warriors
  7 tengu warriors
  5 death yaks
  14 naga sharpshooters
  7 deep troll earth magi
  4 deep troll shamans
  An occultist (Depths:1)
  7 shock serpents
  4 vampire magi
  An orc high priest (Elf:1)
  4 spriggan berserkers
  3 hell knights
  Urug (Lair:2)
  2 sun demons
  The ghost of croobank the Covert, a novice DrDe of Ashenzari (D:8)
  8 salamander mystics
  8 skysharks
  17 deep elf knights
  2 soul eaters
  A fire crab (shapeshifter) (Vaults:1)
  11 skeletal warriors
  6 iron trolls
  Lodul (D:13)
  A fire crab (Lair:4)
  A goliath frog (Shoals:3)
  5 glowing orange brains
  66 deep trolls
  13 sea snakes
  3 cherubim
  A flayed ghost (Depths:4)
  4 naga ritualists
  An orange crystal statue (Shoals:1)
  10 deep elf archers
  3 arcanists
  3 phantasmal warriors
  The ghost of gurdl9716 the Cleaver, a novice HOMo of Qazlal (D:5)
  17 ironbound convokers
  19 lindwurms
  27 deep elf zephyrmancers
  5 necromancers
  14 harpies
  A harpy (shapeshifter) (D:14)
  12 mana vipers
  3 orc knights
  5 orc sorcerers
  5 shining eyes
  10 cyclopes
  21 salamanders
  21 deep elf pyromancers
  32 moths of wrath
  45 ugly things
  16 fauns
  17 elephants
  A worldbinder (Gauntlet)
  18 manticores
  6 merfolk sirens
  6 guardian serpents
  An eye of devastation (Slime:4)
  44 black mambas
  20 cane toads
  10 naga magi
  A molten gargoyle (D:11)
  4 ice statues
  19 vault sentinels
  A smoke demon (Depths:3)
  7 water nymphs
  6 rime drakes
  2 gargoyles
  3 orange demons (D:14)
  A torpor snail (Lair:3)
  An unseen horror (D:13)
  Jeremiah (D:8)
  36 yaktaurs
  A yaktaur (shapeshifter) (Elf:3)
  A yaktaur zombie (Vaults:3)
  A hellion (Depths:3)
  14 komodo dragons
  2 kobold demonologists (D:13)
  A tormentor (Depths:3)
  3 freezing wraiths
  3 tengu conjurers
  A burning bush (Lair:1)
  27 merfolk
  17 trolls
  A meliai (shapeshifter) (Vaults:1)
  A polar bear (shapeshifter) (Vaults:1)
  4 hornets
  8 polar bears
  Prince Ribbit (D:8)
  8 wind drakes
  23 blink frogs
  8 snapping turtles
  A snapping turtle (shapeshifter) (Vaults:5)
  17 dream sheep
  A blink frog (shapeshifter) (Elf:2)
  Sigmund (D:2)
  4 glass eyes
  77 slime creatures
  A centaur simulacrum (D:15)
  24 water elementals
  4 wyverns
  A dire elephant simulacrum (IceCv)
  3 air elementals
  A hog (shapeshifter) (Vaults:1)
  A wyvern (shapeshifter) (Vaults:1)
  4 spriggans
  7 wraiths
  A fire bat (shapeshifter) (D:14)
  5 golden eyes
  3 hogs (Lair:4)
  A ynoxinul (Depths:2)
  37 yaks
  3 fire elementals (Elf:3)
  9 basilisks
  12 vampire mosquitoes
  5 steam dragons
  A steam dragon (shapeshifter) (Vaults:1)
  2 redbacks (Vaults:3)
  41 nagas
  A glowing shapeshifter zombie (Vaults:3)
  2 wargs
  Edmund (D:4)
  24 water moccasins
  Duvessa (D:6)
  2 acid dragons
  A hydra simulacrum (IceCv)
  A meliai simulacrum (D:14)
  A swamp drake (D:12)
  5 sky beasts
  17 orc warriors
  4 black bears
  31 ogres
  16 wolves
  7 boggarts
  8 centaurs
  A phantom (D:5)
  4 kobold brigands
  5 scorpions
  A scorpion (shapeshifter) (Vaults:1)
  16 bullfrogs
  2 earth elementals
  A human skeleton (Vaults:3)
  4 wights (D:10)
  Dowan (D:6)
  2 elephant simulacra (IceCv)
  10 killer bees
  2 killer bees (shapeshifter) (Vaults:1)
  2 howler monkeys
  2 electric eels (D:10)
  6 crimson imps (D:13)
  10 jellies
  3 lava snakes (D:11)
  A gnoll bouda (D:6)
  14 orc priests
  2 hounds
  2 iguanas
  An iron imp (D:5)
  Crazy Yiuf (D:2)
  3 sleepcaps
  13 hell rats
  28 orc wizards
  2 polar bear simulacra (IceCv)
  2 wolf simulacra (IceCv)
  3 gnolls (D:6)
  A gnoll (shapeshifter) (Vaults:5)
  13 adders
  A river rat (D:6)
  2 shadow imps (D:13)
  15 white imps
  3 worms
  4 dart slugs
  83 orcs
  11 ball pythons
  17 endoplasms
  3 giant cockroaches
  5 goblins
  10 hobgoblins
  8 jackals
  30 kobolds
  4 quokkas
  4 bats
  8 frilled lizards (Sewer)
  7 rats
  A tentacle (Shoals:2)
2284 creatures vanquished.

Vanquished Creatures (collateral kills)
  A Head Instructor (WizLab)
  Frederick (Vaults:5)
  An azure jelly (Slime:5)
  An ironbound preserver (Vaults:5)
  A merfolk javelineer (Shoals:4)
  Josephine (Lair:3)
  2 vault guards (Vaults:5)
  2 ogre magi (Vaults:5)
  An anaconda (Snake:4)
  A dancing weapon (Elf:2)
  A hell knight (WizLab)
  Sonja (Lair:3)
  2 deep trolls (Vaults:5)
  An arcanist (WizLab)
  2 black mambas
  A vault sentinel (Vaults:5)
  A komodo dragon (Lair:3)
  A polar bear (Lair:3)
  A meliai (shapeshifter) (Vaults:1)
  A blink frog (Lair:3)
  2 wraiths (Lair:3)
  A cane toad simulacrum (IceCv)
  A hell rat (Lair:3)
  A wolf simulacrum (IceCv)
29 creatures vanquished.

Vanquished Creatures (others)
  2 draconian knights (Zot:1)
  A merfolk aquamancer (Shoals:4)
  A deep elf knight (Elf:2)
  A deep elf archer (Elf:2)
  A deep elf zephyrmancer (Elf:1)
  A deep elf pyromancer (Elf:2)
  A bullfrog (Lair:1)
  221 spectral weapons
  11 tentacles
240 creatures vanquished.

Grand Total: 2553 creatures vanquished

Notes
Turn   | Place    | Note
-------+----------+-------------------------------------------
     0 | D:1      | jejorda2 the Gnoll Berserker began the quest for the Orb.
     0 | D:1      | Reached XP level 1. HP: 23/23 MP: 1/1
   223 | D:1      | Reached XP level 2. HP: 29/29 MP: 2/2
   354 | D:1      | Found a faded altar of an unknown god.
   524 | D:1      | Reached XP level 3. HP: 34/35 MP: 3/3
  1139 | D:2      | Reached skill level 1 in Invocations
  1228 | D:2      | Reached ** piety under Trog
  1229 | D:2      | Reached skill level 1 in Short Blades
  1229 | D:2      | Reached skill level 1 in Long Blades
  1229 | D:2      | Reached skill level 1 in Maces & Flails
  1229 | D:2      | Reached skill level 1 in Polearms
  1229 | D:2      | Reached skill level 1 in Staves
  1229 | D:2      | Reached skill level 1 in Ranged Weapons
  1229 | D:2      | Reached skill level 1 in Throwing
  1229 | D:2      | Reached skill level 1 in Stealth
  1229 | D:2      | Reached skill level 1 in Shields
  1229 | D:2      | Reached skill level 1 in Unarmed Combat
  1229 | D:2      | Reached skill level 1 in Spellcasting
  1229 | D:2      | Reached skill level 1 in Evocations
  1442 | D:2      | Noticed Sigmund
  1455 | D:2      | Killed Sigmund
  1456 | D:2      | Reached skill level 1 in Conjurations
  1456 | D:2      | Reached skill level 1 in Hexes
  1456 | D:2      | Reached skill level 1 in Summonings
  1456 | D:2      | Reached skill level 1 in Necromancy
  1456 | D:2      | Reached skill level 1 in Translocations
  1456 | D:2      | Reached skill level 1 in Transmutations
  1456 | D:2      | Reached skill level 1 in Fire Magic
  1456 | D:2      | Reached skill level 1 in Ice Magic
  1456 | D:2      | Reached skill level 1 in Air Magic
  1456 | D:2      | Reached skill level 1 in Earth Magic
  1456 | D:2      | Reached skill level 1 in Poison Magic
  1456 | D:2      | Reached skill level 1 in Shapeshifting
  1456 | D:2      | Reached XP level 4. HP: 41/41 MP: 4/6
  1456 | D:2      | Reached XP level 5. HP: 47/47 MP: 4/7
  1456 | D:2      | Reached XP level 6. HP: 53/53 MP: 4/8
  1874 | D:2      | Found a runed translucent door.
  1875 | D:2      | Noticed Crazy Yiuf
  1881 | D:2      | Killed Crazy Yiuf
  1882 | D:2      | Reached skill level 5 in Armour
  1882 | D:2      | Reached skill level 5 in Dodging
  2193 | D:3      | Found a stormy altar of Qazlal.
  2381 | D:3      | Found a shadowy altar of Dithmenos.
  2785 | D:4      | Reached XP level 7. HP: 59/59 MP: 10/10
  3309 | D:4      | Reached *** piety under Trog
  3465 | D:4      | Noticed Edmund
  3483 | D:4      | Killed Edmund
  3539 | D:5      | Entered Level 5 of the Dungeon
  3541 | D:5      | Found Anoq's Distillery.
  3550 | D:5      | Bought a potion of curing for 45 gold pieces
  3707 | D:5      | Found a transporter.
  3730 | D:5      | Noticed gurdl9716's ghost (novice HOMo)
  3731 | D:5      | Found a transporter.
  3731 | D:5      | Identified the +9 great mace of Debt {heavy, Will+ Str+3
                  | Stlth-}
  3952 | D:5      | Reached XP level 8. HP: 57/67 MP: 12/12
  4089 | D:5      | Found a snail-covered altar of Cheibriados.
  4109 | D:5      | Found a radiant altar of Vehumet.
  4320 | D:6      | Noticed Duvessa
  4331 | D:6      | Noticed Dowan
  4336 | D:6      | Killed Duvessa
  4405 | D:6      | Found a glowing drain.
  4436 | D:6      | Found a bloodstained altar of Trog.
  4437 | D:6      | Found the +10 zealot's sword {holy, Zealotry, *Rage rN+
                  | EV+3}
  4480 | Sewer    | Entered a sewer
  4803 | Sewer    | Reached skill level 6 in Armour
  4912 | D:6      | Identified the +9 dagger "Aqub" {heavy, rPois Will+ MP+9
                  | Int-3}
  5099 | D:6      | Reached XP level 9. HP: 68/73 MP: 14/14
  5173 | D:6      | Killed Dowan
  5196 | D:6      | Found a broken altar of Ashenzari.
  5308 | D:6      | Reached **** piety under Trog
  5604 | D:6      | Found a staircase to the Ecumenical Temple.
  5677 | D:7      | Identified a scroll of acquirement
  5677 | D:7      | Acquired a manual of Armour
  5819 | D:7      | Reached skill level 5 in Invocations
  5831 | D:7      | Found a glowing golden altar of the Shining One.
  5949 | D:7      | Reached skill level 7 in Armour
  6175 | D:7      | Found Gukk's Magic Scroll Emporium.
  6180 | D:7      | Bought a scroll of blinking for 120 gold pieces
  6211 | D:7      | Found a sparkling altar of Nemelex Xobeh.
  6549 | D:8      | Reached XP level 10. HP: 80/80 MP: 17/17
  6637 | D:8      | Reached skill level 5 in Short Blades
  6637 | D:8      | Reached skill level 5 in Long Blades
  6637 | D:8      | Reached skill level 5 in Maces & Flails
  6637 | D:8      | Reached skill level 5 in Polearms
  6637 | D:8      | Reached skill level 5 in Staves
  6637 | D:8      | Reached skill level 5 in Ranged Weapons
  6637 | D:8      | Reached skill level 5 in Throwing
  6637 | D:8      | Reached skill level 5 in Stealth
  6637 | D:8      | Reached skill level 5 in Shields
  6637 | D:8      | Reached skill level 5 in Unarmed Combat
  6637 | D:8      | Reached skill level 5 in Spellcasting
  6637 | D:8      | Reached skill level 5 in Evocations
  6799 | D:8      | Noticed Prince Ribbit
  6804 | D:8      | Killed Prince Ribbit
  7037 | D:8      | Noticed a two-headed ogre
  7047 | D:8      | Killed a two-headed ogre
  7048 | D:8      | Reached skill level 8 in Armour
  7131 | D:8      | Found a basalt altar of Yredelemnul.
  7150 | D:8      | Noticed Jeremiah
  7181 | D:9      | Identified the "Qoak"
  7188 | D:9      | Reached skill level 5 in Shapeshifting
  7583 | D:9      | Reached XP level 11. HP: 87/87 MP: 19/19
  7645 | D:9      | Acquired a +4 eveningstar of protection
  7669 | D:9      | Reached skill level 5 in Conjurations
  7669 | D:9      | Reached skill level 5 in Hexes
  7669 | D:9      | Reached skill level 5 in Summonings
  7669 | D:9      | Reached skill level 5 in Necromancy
  7669 | D:9      | Reached skill level 5 in Translocations
  7669 | D:9      | Reached skill level 5 in Transmutations
  7669 | D:9      | Reached skill level 5 in Fire Magic
  7669 | D:9      | Reached skill level 5 in Ice Magic
  7669 | D:9      | Reached skill level 5 in Air Magic
  7669 | D:9      | Reached skill level 5 in Earth Magic
  7669 | D:9      | Reached skill level 5 in Poison Magic
  7718 | D:9      | Reached ***** piety under Trog
  7784 | D:9      | Reached skill level 9 in Armour
  7814 | D:9      | Noticed Erolcha
  7868 | D:9      | Killed Erolcha
  7983 | D:9      | Acquired the ring "Arupraef" {rPois rN+ Str+2 Slay+2}
  8609 | D:10     | Entered Level 10 of the Dungeon
  8673 | D:10     | Found a stormy altar of Qazlal.
  8803 | D:10     | Found a staircase to the Lair.
  9063 | D:10     | Noticed Harold
  9084 | D:10     | Killed Harold
  9219 | D:10     | Noticed a cyclops
  9219 | D:10     | Noticed a two-headed ogre
  9224 | D:10     | Killed a two-headed ogre
  9227 | D:10     | Killed a cyclops
  9327 | D:10     | Noticed a two-headed ogre
  9335 | D:10     | Killed a two-headed ogre
  9336 | D:10     | Reached skill level 10 in Armour
  9435 | D:10     | Found a sacrificial altar of Ru.
  9752 | D:11     | Noticed a two-headed ogre
  9757 | D:11     | Noticed a two-headed ogre
  9761 | D:11     | Killed a two-headed ogre
  9762 | D:11     | Reached XP level 12. HP: 97/97 MP: 22/22
  9766 | D:11     | Killed a two-headed ogre
 10206 | D:11     | Noticed a boulder beetle
 10219 | D:11     | Killed a boulder beetle
 10220 | D:11     | Reached skill level 10 in Fighting
 10220 | D:11     | Reached skill level 10 in Axes
 10927 | D:12     | Reached skill level 11 in Armour
 11043 | D:12     | Noticed a two-headed ogre
 11053 | D:12     | Killed a two-headed ogre
 11920 | D:12     | Found a staircase to the Orcish Mines.
 11937 | D:12     | Reached XP level 13. HP: 104/104 MP: 24/24
 12624 | D:5      | Killed gurdl9716's ghost
 12934 | D:14     | Identified the "Xemyguc"
 12934 | Lair:1   | Entered Level 1 of the Lair of Beasts
 13370 | D:5      | Bought a potion of haste for 150 gold pieces
 13817 | Lair:1   | Reached skill level 12 in Armour
 15102 | Lair:2   | Noticed Urug
 15115 | Lair:2   | Killed Urug
 15230 | Lair:2   | Found a staircase to the Shoals.
 15511 | Lair:2   | Found a staircase to the Snake Pit.
 15660 | Lair:3   | Reached skill level 10 in Dodging
 15866 | Lair:3   | Found a transporter.
 15923 | Lair:3   | Found a transporter.
 15964 | Lair:3   | Received a gift from Trog
 15964 | Lair:3   | Noticed Zekheivah's ghost (journeyman MeSh)
 16007 | Lair:3   | Noticed Josephine
 16009 | Lair:3   | Noticed Sonja
 16016 | Lair:3   | Killed Josephine
 16019 | Lair:3   | Reached XP level 14. HP: 40/113 MP: 25/27
 16023 | Lair:3   | Killed Sonja
 16123 | Lair:3   | Noticed Gastronok
 16141 | Lair:3   | Killed Gastronok
 16142 | Lair:3   | Reached skill level 10 in Invocations
 16636 | Lair:3   | Reached skill level 13 in Armour
 16747 | Lair:3   | Noticed Nessos
 16748 | Lair:3   | Nessos changed into Nessos the guardian serpent
 16748 | Lair:3   | Noticed Nessos
 16756 | Lair:3   | Killed Nessos the guardian serpent
 17433 | Lair:3   | Killed Zekheivah's ghost
 17566 | Lair:4   | Identified the of Faeciblu
 17566 | Lair:4   | Identified the "Kiuw"
 18056 | Lair:4   | Received a gift from Trog
 18845 | Lair:4   | Reached XP level 15. HP: 95/120 MP: 28/28
 19172 | Lair:4   | Reached skill level 10 in Short Blades
 19172 | Lair:4   | Reached skill level 10 in Long Blades
 19172 | Lair:4   | Reached skill level 10 in Maces & Flails
 19172 | Lair:4   | Reached skill level 10 in Polearms
 19172 | Lair:4   | Reached skill level 10 in Staves
 19172 | Lair:4   | Reached skill level 10 in Ranged Weapons
 19172 | Lair:4   | Reached skill level 10 in Throwing
 19172 | Lair:4   | Reached skill level 10 in Stealth
 19172 | Lair:4   | Reached skill level 10 in Shields
 19172 | Lair:4   | Reached skill level 10 in Unarmed Combat
 19172 | Lair:4   | Reached skill level 10 in Spellcasting
 19172 | Lair:4   | Reached skill level 10 in Evocations
 19202 | Lair:4   | Reached skill level 14 in Armour
 19644 | Lair:5   | Entered Level 5 of the Lair of Beasts
 19865 | Lair:5   | Noticed Kirke
 19935 | Lair:5   | Killed Kirke
 20252 | Lair:5   | Identified the +8 trident of Nunepero {spect, +Blink rN+
                  | Int-4 SInv}
 20498 | Lair:5   | Found a staircase to the Slime Pits.
 20498 | Lair:5   | Found a viscous altar of Jiyva.
 21569 | D:13     | Noticed Lodul
 21580 | D:13     | Killed Lodul
 21745 | D:13     | Received a gift from Trog
 22309 | D:13     | Identified the +1 glaive "Keitid" {drain, Int+2}
 22523 | D:14     | Found Gozag's Platinum Reserve.
 22863 | D:14     | Reached XP level 16. HP: 129/129 MP: 30/30
 22868 | D:14     | Reached skill level 15 in Armour
 23370 | D:14     | You fall into a shaft and drop 1 floor!
 23370 | D:15     | Entered Level 15 of the Dungeon
 23465 | D:15     | Reached skill level 10 in Shapeshifting
 23469 | D:15     | Found a gate leading to a gauntlet.
 23479 | Gauntlet | Entered a Gauntlet
 23479 | Gauntlet | Found a transporter.
 23508 | Gauntlet | Found a transporter.
 23510 | Gauntlet | Found a transporter.
 23521 | Gauntlet | Found a transporter.
 23524 | Gauntlet | Found a transporter.
 23528 | Gauntlet | Found a runed translucent door.
 23530 | Gauntlet | Found a runed translucent door.
 23533 | Gauntlet | Found a transporter.
 23549 | Gauntlet | Found a transporter.
 23560 | Gauntlet | Found a transporter.
 23572 | Gauntlet | Found a transporter.
 23582 | Gauntlet | Found a runed translucent door.
 23582 | Gauntlet | Found a runed translucent door.
 23586 | Gauntlet | Found a transporter.
 23586 | Gauntlet | Found a transporter.
 23602 | Gauntlet | Found a transporter.
 23613 | Gauntlet | Found a transporter.
 23667 | Gauntlet | Found a transporter.
 23801 | Gauntlet | Identified the +1 pair of boots "Papyifou" {+Blink}
 23957 | Gauntlet | Identified the +0 pair of gloves of Ciliseh {+Inv Fly Int+3
                  | Stlth-}
 24052 | Gauntlet | Identified the +7 broad axe of the Old World {flame, Int+5}
 24497 | D:15     | Received a gift from Trog
 24734 | D:15     | Found a staircase to the Depths.
 25639 | D:14     | a great orb of eyes changed into a storm dragon
 25639 | D:14     | Noticed a storm dragon (glowing shapeshifter)
 25640 | D:14     | a storm dragon changed into a ghost moth
 25655 | D:14     | Found a gate to the Vaults.
 25675 | D:14     | Found an opulent altar of Gozag.
 26074 | Orc:1    | Entered Level 1 of the Orcish Mines
 26331 | Orc:2    | Entered Level 2 of the Orcish Mines
 26332 | Orc:2    | Found a frozen archway.
 26352 | IceCv    | Entered an ice cave
 26363 | IceCv    | Received a gift from Trog
 26831 | IceCv    | Identified the +4 arbalest of Dim Light {drain, rCorr}
 26833 | IceCv    | Identified the +5 falchion of Xel Sitz {freeze, rC+ Will+}
 26878 | Orc:2    | Found Efetol's General Store.
 26918 | Orc:2    | Noticed Snorg
 26925 | Orc:2    | Killed Snorg
 27014 | Orc:2    | Found Kulos's Weapon Shoppe.
 27043 | Orc:2    | Found Hyasid's Book Boutique.
 27091 | Orc:2    | Found Oneo's Antique Weapon Shoppe.
 27190 | Orc:2    | Reached skill level 16 in Armour
 27201 | Orc:2    | Reached XP level 17. HP: 136/136 MP: 32/32
 27352 | Orc:2    | Found Oluvukhle's Assorted Antiques.
 27408 | Orc:2    | Found Runujegg's Book Emporium.
 27413 | Orc:2    | Found Couzapsu's Armour Shoppe.
 27422 | Orc:2    | Found Biory's Magic Scroll Boutique.
 27430 | Orc:2    | Found a staircase to the Elven Halls.
 27432 | Orc:2    | Found Goerug's General Store.
 27818 | Orc:2    | Bought a jewelled plate armour for 868 gold pieces
 27818 | Orc:2    | Identified the +1 plate armour of Kanupp {-Tele Harm rElec
                  | rPois} (You bought it in a shop on level 2 of the Orcish
                  | Mines)
 27835 | Orc:2    | Bought the +9 plate armour "Ahielur" {rPois Regen+ Str-2
                  | Stlth-} for 1104 gold pieces
 27878 | Orc:2    | Bought a scroll of silence for 133 gold pieces
 28043 | Shoals:1 | Entered Level 1 of the Shoals
 28043 | Shoals:1 | Found Cifenem's Assorted Antiques.
 28192 | Shoals:1 | Found a transporter.
 28233 | Shoals:1 | Found a transporter.
 28255 | Shoals:1 | Reached skill level 10 in Conjurations
 28255 | Shoals:1 | Reached skill level 10 in Hexes
 28255 | Shoals:1 | Reached skill level 10 in Summonings
 28255 | Shoals:1 | Reached skill level 10 in Necromancy
 28255 | Shoals:1 | Reached skill level 10 in Translocations
 28255 | Shoals:1 | Reached skill level 10 in Transmutations
 28255 | Shoals:1 | Reached skill level 10 in Fire Magic
 28255 | Shoals:1 | Reached skill level 10 in Ice Magic
 28255 | Shoals:1 | Reached skill level 10 in Air Magic
 28255 | Shoals:1 | Reached skill level 10 in Earth Magic
 28255 | Shoals:1 | Reached skill level 10 in Poison Magic
 28274 | Shoals:1 | Received a gift from Trog
 28457 | Shoals:1 | Found Irrolamn's Distillery.
 28707 | Shoals:1 | Found Goush's Weapon Emporium.
 28712 | Shoals:1 | Bought 5 datura-tipped darts for 58 gold pieces
 28780 | Shoals:1 | Found Owkoyresch's Armour Shop.
 29188 | Shoals:2 | Noticed Polyphemus
 29249 | Shoals:2 | Killed Polyphemus
 29442 | Shoals:2 | Noticed a kraken
 29457 | Shoals:2 | Killed a kraken
 29598 | Shoals:2 | Reached ****** piety under Trog
 30060 | Shoals:3 | Found a flickering gateway to a bazaar.
 30150 | Bazaar   | Entered a bazaar
 30150 | Bazaar   | Found Kaont's Book Shop.
 30150 | Bazaar   | Found Ifunei's Assorted Antiques.
 30150 | Bazaar   | Found Avaff's Antique Armour Boutique.
 30150 | Bazaar   | Found Qemmun's Weapon Boutique.
 30150 | Bazaar   | Found Dufehi's General Store.
 30150 | Bazaar   | Found Avut's Jewellery Shop.
 30182 | Bazaar   | Bought a warped golden ring for 80 gold pieces
 30182 | Bazaar   | Identified the ring of Peeceita {rN+ rCorr} (You bought it
                  | in a shop in a bazaar)
 30184 | Bazaar   | Bought a lightning rod (4/4) for 360 gold pieces
 30184 | Bazaar   | Bought a potion of haste for 90 gold pieces
 30208 | Shoals:3 | Reached skill level 17 in Armour
 30375 | Shoals:3 | Reached XP level 18. HP: 145/145 MP: 34/34
 30539 | Shoals:3 | Noticed Ilsuiw
 30563 | Shoals:3 | Killed Ilsuiw
 31378 | D:8      | Found a runed translucent gate.
 31378 | D:8      | Found a runed translucent gate.
 31380 | D:8      | Found a runed translucent gate.
 31381 | D:8      | Received a gift from Trog
 31387 | D:8      | Noticed croobank's ghost (novice DrDe)
 31523 | D:8      | Killed Jeremiah
 31777 | D:8      | Killed croobank's ghost
 32091 | Shoals:4 | Entered Level 4 of the Shoals
 32312 | Shoals:4 | Found a glowing silver altar of Zin.
 33116 | Shoals:4 | Found a white marble altar of Elyvilon.
 33425 | Shoals:4 | Found a glowing golden altar of the Shining One.
 33443 | Shoals:4 | Got a barnacled rune of Zot
 33722 | Snake:1  | Entered Level 1 of the Snake Pit
 34427 | Snake:1  | Upgraded the game from 0.31-a0-963-ga325b2283a to
                  | 0.31-a0-965-g8a8ce12e04
 34937 | Snake:2  | Reached skill level 18 in Armour
 34946 | Snake:2  | Reached XP level 19. HP: 139/153 MP: 36/36
 35429 | Snake:2  | Found Visch's Weapon Shoppe.
 35429 | Snake:2  | Found Qoarergh's Magic Scroll Emporium.
 35433 | Snake:2  | Found Xyeqieph's Antique Weapon Shoppe.
 35617 | Snake:3  | Found Xijeho's General Store.
 35753 | Snake:3  | Identified the +6 morningstar of Qeskidekh {flame, +Blink
                  | rElec rF+} (Trog gifted it to you on level 3 of the Snake
                  | Pit)
 35753 | Snake:3  | Received a gift from Trog
 36785 | Snake:4  | Entered Level 4 of the Snake Pit
 36980 | Snake:4  | Noticed Donald
 36985 | Snake:4  | Received a gift from Trog
 36994 | Snake:4  | Killed Donald
 37126 | Snake:4  | Found a runed translucent gate.
 37126 | Snake:4  | Found a runed translucent gate.
 37126 | Snake:4  | Found a runed translucent gate.
 37255 | Snake:4  | Noticed Bai Suzhen
 37267 | Snake:4  | Killed Bai Suzhen
 37965 | Snake:4  | Identified the serpent talisman of Syndicalism {rElec
                  | Str+3}
 37965 | Snake:4  | Noticed Aizul
 37980 | Snake:4  | Killed Aizul
 38807 | Snake:4  | Reached skill level 15 in Fighting
 38807 | Snake:4  | Reached skill level 15 in Axes
 38912 | Snake:4  | Identified the +6 bardiche of Defilement {heavy, +Blink Fly
                  | rElec Will-} (Trog gifted it to you on level 4 of the Snake
                  | Pit)
 38912 | Snake:4  | Received a gift from Trog
 39017 | Snake:4  | Reached XP level 20. HP: 162/162 MP: 37/37
 39018 | Snake:4  | Got a serpentine rune of Zot
 39328 | Vaults:1 | Entered Level 1 of the Vaults
 39375 | Vaults:1 | Reached skill level 19 in Armour
 39543 | Vaults:1 | Reached skill level 15 in Invocations
 39969 | Vaults:1 | Received a gift from Trog
 40433 | Vaults:1 | You are sucked into a shaft and drop 1 floor!
 41279 | Vaults:2 | Received a gift from Trog
 41621 | Vaults:1 | Gained mutation: You are vulnerable to heat. (rF-) [a
                  | cacodemon]
 41628 | Vaults:1 | Gained mutation: Your magical capacity is low. (-10% MP) [a
                  | cacodemon]
 41847 | Vaults:1 | Found a runed translucent gate.
 41847 | Vaults:1 | Found a runed translucent gate.
 41847 | Vaults:1 | Found a runed translucent gate.
 41874 | Vaults:1 | Reached skill level 15 in Dodging
 41938 | Vaults:1 | Found a runed translucent gate.
 41938 | Vaults:1 | Found a runed translucent gate.
 41944 | Vaults:1 | Found a runed translucent gate.
 41952 | Vaults:1 | Noticed olddryhag's ghost (adept DsGl)
 41977 | Vaults:1 | Reached XP level 21. HP: 169/169 MP: 35/35
 41996 | Vaults:1 | Killed olddryhag's ghost
 42018 | Vaults:1 | Identified the +0 hat "Fap Tes" {rN++}
 42023 | Vaults:1 | Gained mutation: You do not regenerate when monsters are
                  | visible. [mutagenic glow]
 42042 | Vaults:1 | Gained mutation: You have sharp toenails. [mutagenic glow]
 42052 | Vaults:1 | Gained mutation: Your body sometimes deteriorates upon
                  | taking damage. [mutagenic glow]
 42066 | Vaults:1 | Gained mutation: You occasionally shout uncontrollably at
                  | your foes. [mutagenic glow]
 42077 | Vaults:1 | Gained mutation: You have hidden genetic defects.
                  | [mutagenic glow]
 42177 | Vaults:1 | Lost mutation: You do not regenerate when monsters are
                  | visible. [potion of mutation]
 42177 | Vaults:1 | Lost mutation: You are vulnerable to heat. (rF-) [potion of
                  | mutation]
 42177 | Vaults:1 | Lost mutation: Your magical capacity is low. (-10% MP)
                  | [potion of mutation]
 42177 | Vaults:1 | Gained mutation: You are covered in fur. (AC +1) [potion of
                  | mutation]
 42178 | Vaults:1 | Lost mutation: You are covered in fur. (AC +1) [potion of
                  | mutation]
 42178 | Vaults:1 | Lost mutation: You have sharp toenails. [potion of
                  | mutation]
 42178 | Vaults:1 | Lost mutation: Your body sometimes deteriorates upon taking
                  | damage. [potion of mutation]
 42178 | Vaults:1 | Gained mutation: Your spells are a little easier to cast,
                  | but a little less powerful. [potion of mutation]
 42179 | Vaults:1 | Lost mutation: You occasionally shout uncontrollably at
                  | your foes. [potion of mutation]
 42179 | Vaults:1 | Lost mutation: Your spells are a little easier to cast, but
                  | a little less powerful. [potion of mutation]
 42179 | Vaults:1 | Gained mutation: Your spells are a little easier to cast,
                  | but a little less powerful. [potion of mutation]
 42179 | Vaults:1 | Gained mutation: You are robust. (+10% HP) [potion of
                  | mutation]
 42180 | Vaults:1 | Lost mutation: Your spells are a little easier to cast, but
                  | a little less powerful. [potion of mutation]
 42180 | Vaults:1 | Lost mutation: You are robust. (+10% HP) [potion of
                  | mutation]
 42180 | Vaults:1 | Gained mutation: Your mind is acute. (Int +4, Str/Dex -1)
                  | [potion of mutation]
 42180 | Vaults:1 | Gained mutation: You expend magic power (3 MP) to
                  | strengthen your wands. [potion of mutation]
 42180 | Vaults:1 | Gained mutation: Your mind is very acute. (Int +8, Str/Dex
                  | -2) [potion of mutation]
 42180 | Vaults:1 | Gained mutation: Your system is resistant to poisons.
                  | (rPois) [potion of mutation]
 42181 | Vaults:1 | Lost mutation: You expend magic power (3 MP) to strengthen
                  | your wands. [potion of mutation]
 42181 | Vaults:1 | Lost mutation: You have hidden genetic defects. [potion of
                  | mutation]
 42181 | Vaults:1 | Gained mutation: Potions are less effective at restoring
                  | your health. [potion of mutation]
 42790 | Vaults:2 | Reached skill level 20 in Armour
 42905 | Vaults:2 | Received a gift from Trog
 43164 | Vaults:2 | Found a staircase to the Crypt.
 43496 | Vaults:2 | Found Voma's Jewellery Shoppe.
 43769 | Vaults:2 | Noticed Xtahua
 43801 | Vaults:2 | Paralysed by Xtahua for 3 turns
 43806 | Vaults:2 | Killed Xtahua
 44236 | Vaults:3 | Received a gift from Trog
 44314 | Vaults:3 | Noticed Nikola
 44331 | Vaults:3 | Killed Nikola
 44711 | Vaults:3 | Identified the +8 mace of the Crypt {drain, Dex+3}
 44949 | Vaults:3 | Reached skill level 15 in Short Blades
 44949 | Vaults:3 | Reached skill level 15 in Long Blades
 44949 | Vaults:3 | Reached skill level 15 in Maces & Flails
 44949 | Vaults:3 | Reached skill level 15 in Polearms
 44949 | Vaults:3 | Reached skill level 15 in Staves
 44949 | Vaults:3 | Reached skill level 15 in Ranged Weapons
 44949 | Vaults:3 | Reached skill level 15 in Throwing
 44949 | Vaults:3 | Reached skill level 15 in Stealth
 44949 | Vaults:3 | Reached skill level 15 in Shields
 44949 | Vaults:3 | Reached skill level 15 in Unarmed Combat
 44949 | Vaults:3 | Reached skill level 15 in Spellcasting
 44949 | Vaults:3 | Reached skill level 15 in Evocations
 45482 | Vaults:4 | Reached XP level 22. HP: 178/178 MP: 41/41
 45652 | Vaults:4 | Noticed Jory
 45672 | Vaults:4 | Killed Jory
 46267 | Vaults:4 | Received a gift from Trog
 46887 | Vaults:4 | Noticed Zenata
 46902 | Vaults:4 | Killed Zenata
 47632 | Vaults:5 | Identified the "Onon Zou"
 47632 | Crypt:3  | Identified the "Ysithor"
 47632 | Depths:3 | Identified the "Plog"
 47632 | Depths:3 | Identified the of Lunebrilobb
 47632 | Depths:3 | Identified the "Sym Wech"
 47632 | Depths:3 | Identified the "Poleheun"
 47632 | Depths:3 | Identified the "Taunay Giuci"
 47632 | Elf:1    | Identified the of Dokhlo Iciabb
 47632 | Elf:1    | Identified the "Suavo"
 47632 | Elf:1    | Entered Level 1 of the Elven Halls
 47727 | Elf:1    | Reached skill level 21 in Armour
 47808 | Elf:1    | Identified the +5 dagger of Tension {speed, Fly rCorr Dex-3
                  | Stlth+}
 48225 | Elf:1    | Paralysed by an air elemental for 1 turns
 48996 | Elf:2    | Received a gift from Trog
 49330 | Elf:2    | Found a runed translucent gate.
 49331 | Elf:2    | Found a runed translucent gate.
 49331 | Elf:2    | Found a runed translucent gate.
 50670 | Elf:3    | Identified the "Xobapnah"
 50670 | Elf:3    | Identified the of Saimnisa
 50670 | Elf:3    | Identified the "Korishr Lymo"
 50670 | Elf:3    | Identified the of Tisch
 50670 | Elf:3    | Entered Level 3 of the Elven Halls
 50676 | Elf:3    | Found Lulimeb's Neck Hole.
 50722 | Elf:3    | Found Xobrub Paene's General Store.
 50777 | Elf:1    | Found a radiant altar of Vehumet.
 51569 | Elf:3    | Received a gift from Trog
 51985 | Elf:3    | Reached XP level 23. HP: 188/188 MP: 42/42
 52135 | Elf:3    | Identified the amulet "Raixi" {rN+ Regen+}
 52339 | Elf:3    | Identified the +4 scimitar "Ruraal" {spect, rElec}
 52498 | Elf:3    | HP: 9/283 [deep elf annihilator/bolt of lightning (20)]
 53059 | Elf:3    | Found the -2 hat of the Alchemist {rElec rPois rF+ rC+ rN+
                  | Will+ rMut rCorr}
 53160 | Elf:3    | Identified the +0 pair of gloves of Byumaet {Harm}
 53164 | Elf:3    | Identified the staff of Uncertain Death {rPois Str+4 Int+6
                  | Poison}
 53533 | Vaults:5 | Entered Level 5 of the Vaults
 53566 | Vaults:5 | Noticed an ancient lich
 53598 | Vaults:5 | Killed an ancient lich
 53636 | Vaults:5 | Identified the +3 ring mail "Otinuv" {Harm rPois rCorr
                  | Stlth-}
 53863 | Vaults:5 | Received a gift from Trog
 53961 | Vaults:5 | Noticed Frederick
 53964 | Vaults:5 | Reached skill level 22 in Armour
 53968 | Vaults:5 | Killed Frederick
 54353 | Vaults:5 | Reached skill level 15 in Shapeshifting
 54367 | Vaults:5 | Noticed a dread lich
 54379 | Vaults:5 | Killed a dread lich
 54610 | Vaults:5 | Reached XP level 24. HP: 199/199 MP: 43/43
 54920 | Vaults:5 | Identified the ring "Xooma" {rElec AC+4 Slay+3}
 55079 | Vaults:5 | Noticed a dread lich
 55094 | Vaults:5 | Received a gift from Trog
 55095 | Vaults:5 | Killed a dread lich
 55555 | Vaults:5 | Got a silver rune of Zot
 55949 | Vaults:5 | Found the +3 pair of mountain boots {steadfast, rC+}
 57220 | Slime:1  | Entered Level 1 of the Pits of Slime
 57226 | Slime:1  | Gained mutation: Your magical capacity is low. (-10% MP) [a
                  | shining eye]
 57249 | Slime:2  | Lost mutation: Your mind is very acute. (Int +8, Str/Dex
                  | -2) [a shining eye]
 57413 | Slime:5  | Entered Level 5 of the Pits of Slime
 57674 | Slime:5  | Received a gift from Trog
 57816 | Slime:5  | Noticed the Royal Jelly
 57852 | Slime:5  | Killed the Royal Jelly
 57987 | Slime:5  | Identified the ring "Junonupy" {rF+ Will+ Str+3}
 58029 | Slime:5  | Got a slimy rune of Zot
 58489 | Depths:1 | Entered Level 1 of the Depths
 58552 | Depths:1 | Found a flickering gateway to a bazaar.
 58561 | Bazaar   | Entered a bazaar
 58565 | Bazaar   | Found Totirum's Jewellery Boutique.
 58587 | Bazaar   | Found Ugeunil's Book Emporium.
 58608 | Bazaar   | Found Qufrilousm's Book Boutique.
 58628 | Bazaar   | Found Gahelah's Book Shoppe.
 58670 | Bazaar   | Bought a manual of Axes for 960 gold pieces
 58670 | Bazaar   | Bought a manual of Throwing for 960 gold pieces
 58766 | Depths:1 | Reached skill level 23 in Armour
 58785 | Depths:1 | Found a magical portal.
 58797 | WizLab   | Entered Yara's Duelist Academy
 58882 | WizLab   | Noticed Qarov
 58891 | WizLab   | Killed Qarov the Head Instructor
 59395 | Depths:1 | Reached XP level 25. HP: 210/210 MP: 39/39
 59464 | Depths:1 | Found a shimmering altar of Xom.
 59560 | Depths:1 | Found a gateway to Hell.
 59601 | Depths:1 | Received a gift from Trog
 60637 | Depths:2 | Noticed a juggernaut
 60647 | Depths:2 | Killed a juggernaut
 61039 | Depths:2 | Found a one-way gate leading to the halls of Pandemonium.
 61717 | Depths:2 | Received a gift from Trog
 62081 | Depths:3 | Found a one-way gate to the infinite horrors of the Abyss.
 62707 | Depths:3 | Noticed a juggernaut
 62724 | Depths:3 | Killed a juggernaut
 63375 | Depths:4 | Entered Level 4 of the Depths
 63746 | Depths:4 | Found a gate to the Realm of Zot.
 64241 | Depths:4 | Found a white marble altar of Elyvilon.
 64242 | Depths:4 | Noticed a juggernaut
 64255 | Depths:4 | Killed a juggernaut
 64603 | Depths:4 | Found a one-way gateway to a ziggurat.
 65285 | Elf:3    | Bought a scroll of revelation for 75 gold pieces
 65610 | Zot:1    | Entered Level 1 of the Realm of Zot
 65654 | Zot:1    | Reached skill level 15 in Conjurations
 65654 | Zot:1    | Reached skill level 15 in Hexes
 65654 | Zot:1    | Reached skill level 15 in Summonings
 65654 | Zot:1    | Reached skill level 15 in Necromancy
 65654 | Zot:1    | Reached skill level 15 in Translocations
 65654 | Zot:1    | Reached skill level 15 in Transmutations
 65654 | Zot:1    | Reached skill level 15 in Fire Magic
 65654 | Zot:1    | Reached skill level 15 in Ice Magic
 65654 | Zot:1    | Reached skill level 15 in Air Magic
 65654 | Zot:1    | Reached skill level 15 in Earth Magic
 65654 | Zot:1    | Reached skill level 15 in Poison Magic
 65661 | Zot:1    | Reached skill level 24 in Armour
 65688 | Zot:1    | Found the +4 dragonskin cloak
 65688 | Zot:1    | Noticed Tiamat
 65796 | Depths:4 | Received a gift from Trog
 65868 | Zot:1    | Reached XP level 26. HP: 220/220 MP: 40/40
 66203 | Zot:1    | Killed Tiamat
 66766 | Zot:1    | Identified the +4 scale mail of Cenege {rC+ Dex+4}
 67301 | Zot:1    | Identified the +6 war axe of the Inquisitive Runes {venom,
                  | rCorr Dex+4 Stlth-}
 67637 | Orc:2    | Bought a potion of haste for 130 gold pieces
 67866 | D:5      | Bought a potion of might for 60 gold pieces
 68096 | Snake:2  | Bought a scroll of blinking for 127 gold pieces
 68096 | Snake:2  | Bought a scroll of blinking for 127 gold pieces
 68096 | Snake:2  | Bought a scroll of fear for 68 gold pieces
 68096 | Snake:2  | Bought a scroll of blinking for 127 gold pieces
 68118 | Snake:3  | Bought a scroll of blinking for 97 gold pieces
 68997 | Zot:2    | Noticed Vv
 69020 | Zot:2    | Killed Vv
 70567 | Zot:3    | Received a gift from Trog
 71488 | Zot:4    | Reached XP level 27. HP: 185/231 MP: 40/40
 71721 | Zot:4    | Reached skill level 25 in Armour
 73684 | Zot:5    | Entered Level 5 of the Realm of Zot
 73685 | Zot:5    | Noticed an ancient lich
 73785 | Zot:5    | Received a gift from Trog
 74927 | Zot:5    | Noticed an ancient lich
 74930 | Zot:5    | Noticed an ancient lich
 74936 | Zot:5    | Killed an ancient lich
 74944 | Zot:5    | Killed an ancient lich
 75125 | Zot:5    | Killed an ancient lich
 75140 | Zot:5    | Noticed an orb of fire
 75146 | Zot:5    | Noticed a dread lich
 75152 | Zot:5    | Noticed an ancient lich
 75156 | Zot:5    | Killed an orb of fire
 75166 | Zot:5    | Killed a dread lich
 75172 | Zot:5    | Killed an ancient lich
 75287 | Zot:5    | Noticed an ancient lich
 75310 | Zot:5    | Killed an ancient lich
 75605 | Zot:5    | Noticed a dread lich
 75605 | Zot:5    | Noticed an orb of fire
 75628 | Zot:5    | Killed an orb of fire
 75636 | Zot:5    | HP: 2/233 [Orb Guardian (20)]
 75636 | Zot:5    | Mangled by an Orb Guardian

Illustrated notes

Levels and vault maps discovered:
D:1:      kilobyte_arrival_exit_the_forest, layout_basic,
          shapermc_ecumenical_altar_gd, minmay_3d_cube
D:2:      layout_loops_ring, serial_glass, glass_columns_c, glass_columns_a,
          glass_columns_a, glass_columns_c, glass_columns_b, glass_columns_a,
          glass_columns_b, glass_columns_c, uniq_crazy_yiuf_cottage,
          uniq_sigmund
D:3:      layout_basic, old_standard_altar, lemuel_coloured_pillars_altar,
          wad_floor_pattern_untrapped, kennysheep_cross_room, uniq_ijyb
D:4:      cheibrodos_fertilizer, layout_loops_ring, uniq_edmund
D:5:      layout_cave_pools, mainiacjoe_overflow_tiny_flanked, slow_altar_1,
          serial_shops, shop, gammafunk_ghost_smash, kennysheep_generic_room_15
D:6:      layout_basic, bloody_trog, evilmike_ruin_ashenzari, temple_hall,
          portal_sewer_entry_a, uniq_duvessa
D:7:      layout_loops_cross, nemelex_diamond_rough_becter, tso_altar,
          enter_bailey_4, serial_shops, shop, kennysheep_flooded_box
D:8:      layout_loops_ring, mainiacjoe_overflow_paths,
          biasface_ghost_orc_armoury, uniq_prince_ribbit1, uniq_jeremiah
D:9:      layout_irregular_city, kennysheep_small_spiral, uniq_erolcha
D:10:     layout_irregular_city, nicolae_ru_awakened_eye, david_lair_generic,
          minivault_14, st_stairs_3, kennysheep_diamond, nicolae_the_louvre,
          uniq_harold
D:11:     layout_big_octagon, hangedman_misty_isle
D:12:     layout_cave_pods, erik_orc_1, st_stairs_13
D:13:     layout_long_grid, minmay_nine_imps, uniq_lodul
D:14:     layout_loops_corners, david_vaults_2, nicolae_gozag_zags_fifth_avenue,
          einodemon_barbed_minivault
D:15:     hellmonk_depths_entry_around_the_bend, layout_gridville,
          hangedman_abyss_or_decor_clamps, gauntlet_entry_generic
Lair:1:   layout_long_grid, evilmike_ambush [evilmike_ambush_outer_basic,
          evilmike_ambush_inner_basic]
Lair:2:   layout_cave_shapes, minmay_shoals_entry_centaurs,
          guppyfry_snake_entry_island, uniq_urug
Lair:3:   layout_small_grid, nzn_ghost_randoct, wad_woods_03, lemuel_fruit_tree,
          uniq_gastronok, uniq_sonja, uniq_josephine, uniq_nessos
Lair:4:   nzn_winding_woodlands_large [nzn_winding_woodlands_5x5_open_star,
          nzn_winding_woodlands_5x15_parted,
          nzn_winding_woodlands_5x5_checkerboard,
          nzn_winding_woodlands_center_garden,
          nzn_winding_woodlands_15x15_boxy_spiral,
          nzn_winding_woodlands_center_pierced_h,
          nzn_winding_woodlands_5x5_perimeter,
          nzn_winding_woodlands_5x15_lazy_stream,
          nzn_winding_woodlands_5x5_closed_star], layout_loops_ring
Lair:5:   gammafunk_lair_ancient_temple, layout_loops_ring, slime_entry_1,
          pdpol_lair_neglected_garden, uniq_kirke
Shoals:1: gammafunk_sealed_arena, layout_shoals, serial_shops, shop,
          nicolae_shop_hallway_stairs, nicolae_shop_stone,
          nicolae_shop_real_fake_doors
Shoals:2: layout_shoals, uniq_polyphemus
Shoals:3: layout_shoals, serial_shops, bzr_entry_customers,
          nicolae_shoals_goliath_grotto, uniq_ilsuiw
Shoals:4: shoals_end_hellmonk_holy_island
Snake:1:  layout_misc_corridors
Snake:2:  layout_gridlike, minmay_shop_star, grunt_megastairs_1
Snake:3:  layout_cave_town, serial_shops, nicolae_shop_window_shopping,
          drop_trap
Snake:4:  grunt_snake_rune_pools, layout_cave_town, nicolae_snake_horde_hoard,
          serial_bayou_shore_a, uniq_donald, uniq_aizul, uniq_bai_suzhen
Slime:1:  layout_caves, nicolae_slime_getting_an_eyeful
Slime:2:  layout_caves
Slime:3:  layout_caves, cheibrodos_slime_lost_civilization_6
Slime:4:  layout_caves
Slime:5:  slime_pit
Orc:1:    layout_diamond_mine
Orc:2:    st_orc_open, layout_caves, serial_shops, shop_fountains,
          nicolae_shop_behind_doors, nicolae_shop_tiny_waterfront,
          nicolae_shop_scrapyard, shop_fountains, portal_ice_cave_entry_imps,
          uniq_snorg
Elf:1:    eino_elf_arrival_shootout, layout_geoelf_diagonals,
          minmay_elf_demonology, nicolae_concentric_dashed_squares_mild,
          drop_trap, minmay_the_grid_square_5x5_3x3_mashed
          [minmay_the_grid_square_5x5_hourglass,
          minmay_the_grid_square_5x5_bridge,
          minmay_the_grid_square_5x5_minivault,
          minmay_the_grid_square_5x5_inset,
          minmay_the_grid_square_5x5_megaprize_hollow,
          minmay_the_grid_square_5x5_almost_minimal,
          minmay_the_grid_square_5x5_three_small,
          minmay_the_grid_square_5x5_gyroscope,
          minmay_the_grid_square_5x5_two_small], lemuel_upstairs_altar
Elf:2:    nicolae_elf_blades_crystal_corner, layout_loops_cross,
          grunt_ministairs_1
Elf:3:    minmay_elf_hall_x, layout_geoelf_grid, serial_shops,
          nicolae_shop_hallway_stairs, amcnicky_mini_corridor_feature,
          nicolae_shop_sticking_my_neck_out
Vaults:1: ploomutoo_gammafunk_ghost_potion_laboratory,
          nicolae_vaults_twisting_passages, ontoclasm_vaults_ligature,
          nicolae_vaults_tetromino_Z_1, hangedman_vaults_cutoff,
          dpeg_vaults_monster_row, vaults_dpeg_ring,
          nicolae_vaults_antechamber_and_loot_room, hangedman_vaults_cutoff,
          nicolae_vaults_ellipses_ellipsis,
          vaults_standard_mumra_enter_the_diamond,
          ontoclasm_vaults_decontamination, nicolae_vaults_double_plus_1,
          layout_vaults_maze_bifur
Vaults:2: v_rooms_1, v_alt_pattern_2, v_rooms_5, nicolae_vaults_murder_corner,
          nicolae_vaults_trapezoid_lopsided_3,
          minmay_crypt_entry_simple_statues, nicolae_vaults_big_ls,
          nicolae_vaults_house_1, v_misc_14, layout_vaults_omnigrid,
          serial_shops, nicolae_shop_back_alley_shop, uniq_xtahua
Vaults:3: nicolae_vaults_prndl, ontoclasm_vaults_chip,
          nicolae_vaults_windows_and_doors_thing, v_misc_4,
          nicolae_vaults_house_3, vaults_mumra_hexcomb, ontoclasm_vaults_hangar,
          nicolae_vaults_border_crossing, nicolae_vaults_security_offices_1,
          nicolae_vaults_little_squares_6, layout_vaults_big_room, uniq_nikola
Vaults:4: vaults_room_pool, v_misc_29, nicolae_vaults_ninety_degrees,
          nicolae_vaults_house_1, v_misc_2, nicolae_vaults_puzzle_piece,
          ontoclasm_vaults_spin, hangedman_vaults_river_flow,
          vaults_dpeg_diagonal, vaults_dpeg_hooks, nicolae_vaults_apartment_2,
          layout_vaults_omnicross, uniq_zenata, uniq_jory
Vaults:5: uniq_frederick
Depths:1: layout_cave_pools, minmay_misc_feat_four_crosses,
          infiniplex_enter_wizlab_water, serial_shops, bzr_entry_water,
          pf_coc_iceberg, xom_confusion_cloud
Depths:2: minmay_bloctagon, layout_honeycomb, grunt_decor_junction,
          rand_demon_pan_entry_5, hell_entry
Depths:3: nicolae_BIG_FREAKIN_CUBE, layout_basic, hangedman_tar_grid_catacomb,
          serial_bayou, serial_bayou_crossing, serial_bayou_pond_e,
          serial_bayou_lagoon_a, serial_bayou_pond_a, grunt_pan_entry_spiral,
          minmay_hedge_maze, abyss_entry
Depths:4: grunt_zot_entry_funnels, layout_cave_shapes, enter_ziggurat_f,
          serial_rivers, chequers_serial_rivers_micro_e,
          chequers_serial_rivers_small_b, chequers_serial_rivers_marsh,
          chequers_serial_rivers_micro_a, hell_entry,
          nicolae_elyvilon_temple_path
Zot:1:    kennysheep_room_grid, layout_onion_interference,
          regret_index_zotdec_dark_gr, st_stairs_6, st_single_dragon_hoard_4,
          uniq_tiamat
Zot:2:    layout_misc_corridors, regret_index_zotdec_twisting_globes, uniq_vv
Zot:3:    layout_gridlike, grunt_megastairs_3
Zot:4:    layout_cathedral_of_symmetry, regret_index_zotdec_wing_it
Zot:5:    layout_basic, drop_trap

Skill      XL: |  1  2  3  4  5  6  7  8  9 10 11 12 13 14 15 16 17 18 19 20 21 22 23 24 25 26 27 |
---------------+----------------------------------------------------------------------------------+-----
Invocations    | 2 3 4 5 6 7 8 9 10 11 12 13 14 15 16 17 18 19 20 | 20.3
Short Blades   | 1 2 3 4 5 7 9 10 11 12 13 14 15 16 17 18 | 18.8
Long Blades    | 1 2 3 4 5 7 9 10 11 12 13 14 15 16 17 18 | 18.8
Maces & Flails | 1 2 3 4 5 7 9 10 11 12 13 14 15 16 17 18 | 18.8
Polearms       | 1 2 3 4 5 7 9 10 11 12 13 14 15 16 18 19 20 21 | 21.3
Staves         | 1 2 3 4 5 7 9 10 11 12 13 14 15 16 17 18 | 18.8
Ranged Weapons | 1 2 3 4 5 7 9 10 11 12 13 14 15 16 17 18 | 18.8
Throwing       | 1 2 3 4 5 7 9 10 11 12 13 14 15 16 17 18 19 20 | 20.6
Stealth        | 1 2 3 4 5 7 9 10 11 12 13 14 15 16 17 18 | 18.8
Shields        | 1 2 3 4 5 7 9 10 11 12 13 14 15 16 17 18 | 18.8
Unarmed Combat | 1 2 3 4 5 7 9 10 11 12 13 14 15 16 17 18 | 18.8
Spellcasting   | 1 2 3 4 5 7 9 10 11 12 13 14 15 16 17 18 | 18.8
Evocations     | 1 2 3 4 5 7 9 10 11 12 13 14 15 16 17 18 | 18.8
Conjurations   | 1 2 3 4 5 6 7 8 9 10 11 12 13 14 15 16 | 16.0
Hexes          | 1 2 3 4 5 6 7 8 9 10 11 12 13 14 15 16 | 16.0
Summonings     | 1 2 3 4 5 6 7 8 9 10 11 12 13 14 15 16 | 16.0
Necromancy     | 1 2 3 4 5 6 7 8 9 10 11 12 13 14 15 16 | 16.0
Translocations | 1 2 3 4 5 6 7 8 9 10 11 12 13 14 15 16 | 16.0
Transmutations | 1 2 3 4 5 6 7 8 9 10 11 12 13 14 15 16 | 16.0
Fire Magic     | 1 2 3 4 5 6 7 8 9 10 11 12 13 14 15 16 | 16.0
Ice Magic      | 1 2 3 4 5 6 7 8 9 10 11 12 13 14 15 16 | 16.0
Air Magic      | 1 2 3 4 5 6 7 8 9 10 11 12 13 14 15 16 | 16.0
Earth Magic    | 1 2 3 4 5 6 7 8 9 10 11 12 13 14 15 16 | 16.0
Poison Magic   | 1 2 3 4 5 6 7 8 9 10 11 12 13 14 15 16 | 16.0
Shapeshifting  | 1 2 3 4 5 6 7 8 9 10 11 12 13 14 15 16 17 | 17.4
Armour         | 5 6 7 8 10 11 12 13 14 16 17 18 19 20 21 22 23 24 25 | 25.6
Dodging        | 5 6 7 8 9 10 11 12 13 14 15 16 17 18 19 | 19.3
Fighting       | 7 8 9 10 11 12 13 14 15 16 17 18 19 20 21 22 | 22.6
Axes           | 7 8 9 10 11 12 13 14 15 16 17 18 19 20 21 | 21.4

Action                     |  1- 3 |  4- 6 |  7- 9 | 10-12 | 13-15 | 16-18 | 19-21 | 22-24 | 25-27 || total
---------------------------+-------+-------+-------+-------+-------+-------+-------+-------+-------++-------
  Melee: Hand axe          |   105 |       |       |       |       |       |       |       |       ||   105
         Bite              |     5 |     3 |    39 |    59 |   153 |   137 |   263 |   287 |   301 ||  1247
         Punch             |     1 |       |     8 |    15 |    11 |       |       |       |       ||    35
         War axe           |       |    93 |   212 |       |       |       |       |       |       ||   305
         Eudemon blade     |       |       |   151 |   387 |   918 |    60 |       |       |       ||  1516
         Dagger            |       |       |    22 |    35 |       |       |       |       |       ||    57
         Broad axe         |       |       |       |    10 |    11 |    97 |    25 |   101 |   197 ||   441
         Eveningstar       |       |       |       |       |    63 |       |       |       |       ||    63
         Trident           |       |       |       |       |   144 |  1271 |  1680 |  1790 |  1546 ||  6431
         Morningstar       |       |       |       |       |       |       |    26 |       |       ||    26
         Sacred scourge    |       |       |       |       |       |       |     5 |     7 |       ||    12
         Demon trident     |       |       |       |       |       |       |       |       |    36 ||    36
  Throw: Dart              |       |       |     1 |    47 |   117 |     2 |       |     1 |       ||   168
         Javelin           |       |       |       |       |       |    29 |     3 |    41 |    27 ||   100
         Boomerang         |       |       |       |       |       |    13 |    47 |       |     1 ||    61
         Throwing net      |       |       |       |       |       |       |       |       |     1 ||     1
 Invoke: Berserk           |     2 |     2 |     6 |     4 |     5 |    22 |    24 |    20 |    23 ||   108
         Trog's Hand       |     1 |     2 |     2 |     4 |    11 |    15 |    10 |    18 |     8 ||    71
         Brothers in Arms  |       |       |       |       |     2 |     3 |     4 |     4 |     2 ||    15
Ability: Evoke Blink       |       |       |       |       |       |       |       |       |     3 ||     3
         Evoke Invisibilit |       |       |       |       |       |       |       |       |     1 ||     1
  Evoke: Wand              |       |       |       |     7 |     8 |       |       |     1 |       ||    16
         Condenser vane    |       |       |       |       |       |       |     3 |       |       ||     3
         Phial of floods   |       |       |       |       |       |       |     1 |     1 |     1 ||     3
         Lightning rod     |       |       |       |       |       |       |       |     4 |     3 ||     7
    Use: Potion            |       |     1 |       |       |     4 |     1 |    10 |     3 |     3 ||    22
         Scroll            |       |       |    15 |     4 |    10 |     4 |     2 |    15 |    23 ||    73
   Stab: Confused          |       |       |       |       |     1 |       |       |       |       ||     1
         Distracted        |       |       |       |       |     1 |    31 |    40 |    42 |    49 ||   163
         Invisible         |       |       |       |       |       |       |       |       |     6 ||     6
 Armour: Animal skin       |     6 |       |       |       |       |       |       |       |       ||     6
         Chain mail        |    51 |    64 |   315 |    30 |       |       |       |       |       ||   460
         Skin              |       |     7 |       |       |       |       |       |       |       ||     7
         Plate armour      |       |       |       |   273 |   797 |   854 |   766 |   744 |   692 ||  4126
         Gold dragon scale |       |       |       |       |       |       |       |       |   127 ||   127
  Dodge: Dodged            |    36 |    52 |   245 |   177 |   469 |   421 |   380 |   364 |   359 ||  2503
  Block: Kite shield       |       |       |       |       |   478 |   565 |   574 |    96 |       ||  1713
         Tower shield      |       |       |       |       |       |       |       |   788 |  1005 ||  1793

Table legend: (Time is in decaauts)
 A = Elapsed time spent in this place.
 B = Non-inter-level travel time spent in this place.
 C = Inter-level travel time spent in this place.
 D = Time resting spent in this place.
 E = Time spent auto-exploring this place.
 F = Levels seen in this place.
 G = Mean time per level.
                   A        B        C        D        E       F      G
               +--------+--------+--------+--------+--------+-----+--------+
         Total |  75595 |  65719 |   9876 |  16747 |  32931 |  58 | 1303.4 |
       Dungeon |  20629 |  16807 |   3822 |   3855 |   9487 |  15 | 1375.3 |
          Lair |   9002 |   8186 |    816 |   2885 |   3360 |   5 | 1800.4 |
        Shoals |   4822 |   4387 |    435 |    435 |   2633 |   4 | 1205.5 |
     Snake Pit |   5512 |   5009 |    503 |   1538 |   2330 |   4 | 1378.0 |
    Slime Pits |   1009 |    965 |     44 |    142 |    183 |   5 |  201.8 |
  Orcish Mines |   1658 |   1066 |    592 |    167 |    624 |   2 |  829.0 |
   Elven Halls |   5385 |   4503 |    882 |   1198 |   2132 |   3 | 1795.0 |
        Vaults |  11971 |  10512 |   1459 |   2900 |   4945 |   5 | 2394.2 |
        Depths |   5932 |   5044 |    888 |   1007 |   2973 |   4 | 1483.0 |
           Zot |   7372 |   6941 |    431 |   1777 |   3475 |   5 | 1474.4 |
        Bazaar |    187 |    187 |      0 |      0 |    107 |   2 |   93.5 |
         Sewer |    489 |    489 |      0 |    178 |    222 |   1 |  489.0 |
      Ice Cave |    541 |    541 |      0 |    372 |      5 |   1 |  541.0 |
        Wizlab |    452 |    452 |      0 |    110 |    158 |   1 |  452.0 |
      Gauntlet |    629 |    629 |      0 |    177 |    295 |   1 |  629.0 |
               +--------+--------+--------+--------+--------+-----+--------+

Top non-repeatable levels by time:
Vaults:5: 3382 daAuts
Vaults:2: 3001 daAuts
  Lair:4: 2471 daAuts
   Elf:3: 2311 daAuts
Vaults:1: 2235 daAuts
 Snake:4: 2192 daAuts
  Lair:3: 2169 daAuts
    D:12: 2122 daAuts
   Zot:4: 2040 daAuts
Depths:4: 2034 daAuts
    D:15: 1974 daAuts
    D:14: 1868 daAuts
    D:10: 1864 daAuts
   Zot:3: 1838 daAuts
Vaults:3: 1812 daAuts
